 Dungeon Crawl Stone Soup version 0.18-a0-801-gb01a236 (webtiles) character file.

62 JokEr the Skirmisher (level 4, -3/33 HPs)
             Began as an Octopode Fighter on Dec 14, 2015.
             Killed from afar by Sigmund (13 damage)
             ... with a puff of flame
             ... on level 2 of the Dungeon.
             The game lasted 00:02:34 (1635 turns).

JokEr the Skirmisher (Octopode Fighter)             Turns: 1635, Time: 00:02:34

Health: -3/33      AC:  1    Str: 21    XL:     4   Next: 8%
Magic:  4/4        EV: 10    Int: 10    God:
Gold:   112        SH:  0    Dex: 11    Spells: 0 memorised, 3 levels left

rFire  . . .     SeeInvis .     a - +0 war axe
rCold  . . .     Clarity  .     b - +0 shield
rNeg   . . .     SustAt   .     (helmet restricted)
rPois  .         Gourm    .     (no amulet)
rElec  .         Spirit   .     (no ring)
rCorr  .         Dismiss  .     (no ring)
rMut   .         Stasis   .     (no ring)
MR     .....                    (no ring)
Stlth  ++........               (no ring)
                                (no ring)
                                (no ring)
                                (no ring)

@: confused, mighty, not resistant to hostile enchantments, unstealthy
A: almost no armour, amphibious, 8 rings, constrict 8, camouflage 1, gelatinous
body 1
a: no special abilities


You were on level 2 of the Dungeon.
You were not hungry.

You visited 1 branch of the dungeon, and saw 2 of its levels.

You collected 112 gold pieces.

Inventory:

Hand Weapons
 a - a +0 war axe (weapon)
Armour
 b - a +0 shield (worn)
Jewellery
 j - an uncursed amulet of resist corrosion {unknown}
Scrolls
 e - 2 scrolls of blinking
 f - 3 scrolls of fear
 g - a scroll of identify
 i - a scroll of magic mapping
Potions
 h - a potion of lignification {unknown}
 l - 2 potions of magic
 m - a potion of agility {unknown}
 n - a potion of mutation {unknown}
 o - a potion of resistance {unknown}
Comestibles
 d - a bread ration
 k - a royal jelly


   Skills:
 + Level 3.8 Fighting
 + Level 2.8 Axes
 - Level 3.3 Dodging
 + Level 1.3 Stealth
 - Level 3.0 Shields


You had 3 spell levels left.
You didn't know any spells.

Dungeon Overview and Level Annotations

Branches:
Dungeon (2/15)

Altars:

Annotations:
D:2 Sigmund


Innate Abilities, Weirdness & Mutations

You cannot wear most types of armour.
You are amphibious.
You can wear up to eight rings at the same time.
You can use your tentacles to constrict eight enemies at once.
Your skin changes colour to match your surroundings (Stealth).
Your rubbery body absorbs attacks (AC +1).


Message History

Found 11 gold pieces.
Sigmund is nearby!
Sigmund is nearby!
There isn't anything here!
Drink which item? (? for menu, Esc to quit)
You feel very mighty all of a sudden.
Sigmund shouts!
Sigmund hits you from afar with a scythe!
Sigmund hits you with a scythe.
You closely miss Sigmund. You grab Sigmund. You constrict Sigmund.
Sigmund hits you with a scythe.
You hit Sigmund. You squeeze Sigmund.
Sigmund is moderately wounded.
You constrict Sigmund.
Sigmund points at you and mumbles some strange words.
You are confused.
You bump into the rock wall.
You constrict Sigmund. Sigmund casts a spell at you.
The puff of flame hits you!
You die...

#
#....###.......>###
# #....##...###..##
#..(.....####.####
##
#....###.##....(.#
.# #....#
#.##......# .#
#....# #.[.......#
.# ######
##.#......# .#
#.######## .#
#.@@.$..# ##
#######.#


You could see Sigmund.

Vanquished Creatures
  2 adders (D:2)
  A worm (D:2)
  A giant gecko (D:1)
  2 giant cockroaches (D:2)
  6 hobgoblins
  A ball python (D:1)
  3 bats
  2 giant newts
  8 goblins
  9 kobolds
  3 rats
38 creatures vanquished.

Notes
Turn   | Place    | Note
--------------------------------------------------------------
     0 | D:1      | JokEr the Octopode Fighter began the quest for the Orb.
     0 | D:1      | Reached XP level 1. HP: 16/16 MP: 1/1
   234 | D:1      | Reached XP level 2. HP: 17/21 MP: 2/2
   981 | D:2      | Reached XP level 3. HP: 24/26 MP: 3/3
  1484 | D:2      | Reached skill level 1 in Stealth
  1484 | D:2      | Reached XP level 4. HP: 30/33 MP: 4/4
  1629 | D:2      | Noticed Sigmund
  1635 | D:2      | Killed from afar by Sigmund

Vault maps used:
D:1:      scummos_arrival_hexagon, minmay_cupped
D:2:      first_bread, patterned_corridor, uniq_sigmund

Action                   |  1- 3 |  4- 6 || total
-------------------------+-------+-------++-------
Melee: War axe           |    65 |     4 ||    69
  Use: Scroll            |     5 |       ||     5
       Potion            |       |     1 ||     1
 Stab: Sleeping          |     6 |       ||     6
  Eat: Bread ration      |     1 |       ||     1
